 Dungeon Crawl Stone Soup version 0.26-a0-1049-g242049e08c (webtiles) character file.

Game seed: 11986505690233730478

7234 Froggeryz the Grappler (level 11, -16/84 HPs)
             Began as a Vine Stalker Berserker on Dec 12, 2020.
             Was a High Priest of Trog.
             Demolished by an orc knight
             ... wielding a +0 trident
              (18 damage)
             ... in a bailey.
             The game lasted 00:15:53 (8798 turns).

Froggeryz the Grappler (Vine Stalker Berserker)     Turns: 8798, Time: 00:15:53

Health: -16/84     AC: 14    Str: 20    XL:     11   Next: 12%
Magic:  0/21       EV:  8    Int:  7    God:    Trog [*****.]
Gold:   419        SH:  7    Dex: 17    Spells: 10/10 levels left

rFire    . . .     SeeInvis .     - Unarmed
rCold    . . .     Faith    .   k - +1 buckler
rNeg     + . .     Spirit   +   v - +1 chain mail {rN+}
rPois    .         Reflect  .   (no helmet)
rElec    .         Harm     .   C - +0 cloak
rCorr    .         Rampage  .   I - +0 pair of gloves
Will     +++..                  s - +0 pair of boots
Stlth    ..........             (no amulet)
HPRegen  1.64/turn              y - ring of magical power
MPRegen  0.17/turn              (no ring)

@: berserking, regenerating, very quick
A: fangs 3, regeneration 1, magic shield, antimagic bite, no potion heal 3, rot
immunity
a: Berserk, Trog's Hand, Brothers in Arms, Renounce Religion


You were in a bailey.
You worshipped Trog.
Trog was extremely pleased with you.
You visited 1 branch of the dungeon, and saw 10 of its levels.
You also visited: Ossuary and Bailey.

You collected 695 gold pieces.
You spent 276 gold pieces at shops.

Inventory:

Missiles
 m - 15 javelins
 r - 24 poisoned darts
 D - a throwing net
Armour
 k - a +1 buckler (worn)
 s - a +0 pair of boots (worn)
 v - a +1 chain mail of positive energy (worn)
 C - a +0 cloak (worn)
 I - a +0 pair of gloves (worn)
Jewellery
 w - an uncursed ring of fire
 y - a ring of magical power (left hand)
 B - an uncursed ring of ice
Wands
 c - a wand of flame (34)
 i - a wand of polymorph (18)
 n - a wand of random effects (18)
 z - a wand of paralysis (11)
Scrolls
 a - 3 scrolls of blinking
 d - 5 scrolls of identify
 e - 8 scrolls of remove curse
 h - 2 scrolls of enchant armour
 p - 5 scrolls of teleportation
 t - 6 scrolls of immolation
 A - a scroll of silence
 E - 2 scrolls of enchant weapon {unknown}
 F - a scroll of holy word {unknown}
 G - 2 scrolls of fear
 L - a scroll of acquirement {unknown}
Potions
 b - 3 potions of might {unknown}
 f - 3 potions of attraction
 g - 8 potions of curing
 j - 2 potions of magic
 l - 3 potions of berserk rage
 o - 2 potions of invisibility
 q - 4 potions of lignification
 u - a potion of brilliance {unknown}
 H - a potion of mutation
 J - 3 potions of resistance
 K - 2 potions of flight


   Skills:
 + Level 5.3 Fighting
 - Level 5.0 Armour
 - Level 1.5 Dodging
 - Level 5.0 Shields
 * Level 13.6 Unarmed Combat


You had 10 spell levels left.
You didn't know any spells.
Your spell library contained the following spells:

 Spells                   Type           Power        Failure   Level
 Confusing Touch          Hex            #.......     100%        3
 Gell's Gravitas          Tloc           #.........   100%        3
 Petrify                  Tmut/Erth      #.......     100%        4
 Metabolic Englaciation   Hex/Ice        #.........   100%        5
 Yara's Violent Unravell  Hex/Tmut       #.........   100%        5


Dungeon Overview and Level Annotations

Branches:
Dungeon (10/15)            Temple (0/1) D:4         Ossuary (visited)
 Bailey (1/1)
   Lair: D:8-11         Orc: D:9-12

Altars:
Nemelex Xobeh
Qazlal
Uskayaw
Vehumet
Wu Jian
Xom
Yredelemnul
Zin

Shops:
D:5 (   D:7 *


Innate Abilities, Weirdness & Mutations

You have razor-sharp teeth.
Your natural rate of healing is unusually fast.
When hurt, damage is shared between your health and your magic reserves.
Your bite disrupts and absorbs the magic of your enemies.
Potions cannot restore your health.
You are immune to rotting.


Message History

Trog accepts your kill.
The orc knight hits you from afar with a +0 trident!
You block the orc knight's attack. The orc hits you with a +0 spear!
You pummel the orc!!
You kill the orc!
Trog accepts your kill.
The orc knight hits you with a +0 halberd!!
* * * LOW HITPOINT WARNING * * *
The orc knight hits you with a +0 trident!
* * * LOW HITPOINT WARNING * * *
The orc knight hits you with a +0 trident!
* * * LOW HITPOINT WARNING * * *
Items here: )) [ †.
You punch the orc knight! Your bite misses the orc knight.
The orc knight is lightly wounded.
You punch the orc knight! You bite the orc knight. You drain its power.
You feel invigorated.
The orc knight is moderately wounded.
The orc knight hits you with a +0 trident!!
You die...

####### #######
##.....#########.....###
#.......#.....#....)..'.
#.......'.....'))o.)..'.
'.......'.....')@o.)..'.
#.......'.....'.)o....'.
#.......#.....#.......'.
##.....#########.....###
####### #######


You could see 3 orc knights.

Vanquished Creatures
  A two-headed ogre (D:8)
  A troll (D:9)
  Prince Ribbit (D:7)
  A soldier ant (D:10)
  Purgy (D:3)
  6 sky beasts
  3 ice beasts
  An eye of draining (D:10)
  12 orc warriors
  3 phantoms
  9 ogres
  4 centaurs
  5 bullfrogs
  A water moccasin zombie (D:8)
  4 scorpions
  10 wights
  A howler monkey (D:6)
  2 quasits (D:5)
  2 centaur zombies (Ossuary)
  2 jellies
  Crazy Yiuf (D:7)
  8 hounds
  6 orc priests
  3 iguanas
  3 orc wizards
  12 worker ants
  A big kobold zombie (Ossuary)
  3 mummies (Ossuary)
  A hound zombie (D:5)
  5 gnolls
  A howler monkey skeleton (D:9)
  9 adders
  2 shadow imps
  2 white imps
  4 ufetubi
  3 adder zombies
  6 worms
  8 dart slugs
  9 leopard geckos
  52 orcs
  7 giant cockroaches
  3 gnoll zombies
  10 goblins
  12 hobgoblins
  12 jackals
  8 kobolds
  7 quokkas
  4 ball pythons
  7 bats
  3 frilled lizards
  2 hobgoblin zombies (Ossuary)
  A jackal skeleton (D:6)
  A kobold zombie (Ossuary)
  An orc zombie (Ossuary)
  9 rats
296 creatures vanquished.

Vanquished Creatures (others)
  A plant (D:5)
1 creature vanquished.

Grand Total: 297 creatures vanquished

Notes
Turn   | Place    | Note
-------+----------+-------------------------------------------
     0 | D:1      | Froggeryz the Vine Stalker Berserker began the quest for
                  | the Orb.
     0 | D:1      | Reached XP level 1. HP: 11/11 MP: 2/2
   282 | D:1      | Reached XP level 2. HP: 14/16 MP: 1/3
   768 | D:1      | Reached skill level 4 in Unarmed Combat
  1010 | D:1      | Reached XP level 3. HP: 19/19 MP: 4/4
  1311 | D:2      | Reached ** piety under Trog
  1424 | D:2      | Gained mutation: Your natural rate of healing is unusually
                  | fast. [Vine Stalker growth]
  1424 | D:2      | Reached XP level 4. HP: 23/23 MP: 5/5
  2000 | D:3      | Reached skill level 1 in Shields
  2198 | D:3      | Noticed an ogre
  2205 | D:3      | Killed an ogre
  2206 | D:3      | Reached skill level 5 in Unarmed Combat
  2206 | D:3      | Reached XP level 5. HP: 27/27 MP: 6/6
  2292 | D:3      | Found a sparkling altar of Nemelex Xobeh.
  2436 | D:3      | Reached *** piety under Trog
  2455 | D:3      | Noticed an ogre
  2466 | D:3      | Killed an ogre
  2467 | D:3      | Reached skill level 6 in Unarmed Combat
  2467 | D:3      | Reached XP level 6. HP: 32/32 MP: 7/7
  2613 | D:3      | Noticed Purgy
  2619 | D:3      | Killed Purgy
  3031 | D:4      | Reached XP level 7. HP: 33/35 MP: 8/8
  3048 | D:4      | Identified the +1 robe of Udeereet {Regen+ Dex+6}
  3061 | D:4      | Reached skill level 7 in Unarmed Combat
  3292 | D:4      | Found a staircase to the Ecumenical Temple.
  3518 | D:5      | Entered Level 5 of the Dungeon
  3567 | D:5      | Reached **** piety under Trog
  3728 | D:5      | Reached skill level 8 in Unarmed Combat
  3728 | D:5      | Gained mutation: You have razor-sharp teeth. [Vine Stalker
                  | growth]
  3728 | D:5      | Reached XP level 8. HP: 39/39 MP: 9/9
  3744 | D:5      | Found Gousch's Antique Weapon Emporium.
  4059 | D:5      | Reached skill level 9 in Unarmed Combat
  4119 | D:5      | Reached skill level 5 in Shields
  4442 | D:5      | Found a hide-covered altar of Uskayaw.
  4444 | D:5      | Found an ornate altar of the Wu Jian Council.
  4449 | D:5      | Found a radiant altar of Vehumet.
  4450 | D:5      | Found a stormy altar of Qazlal.
  4847 | D:6      | Reached XP level 9. HP: 13/43 MP: 6/10
  4943 | D:6      | Reached skill level 10 in Unarmed Combat
  5620 | D:7      | Reached skill level 11 in Unarmed Combat
  5624 | D:7      | You fall into a shaft and drop 1 floor!
  5747 | D:8      | Reached ***** piety under Trog
  5823 | D:8      | Found a shimmering altar of Xom.
  5825 | D:8      | Found a shimmering altar of Xom.
  5825 | D:8      | Found a shimmering altar of Xom.
  5826 | D:8      | Found a shimmering altar of Xom.
  5827 | D:8      | Found a shimmering altar of Xom.
  5829 | D:8      | Found a shimmering altar of Xom.
  5829 | D:8      | Found a shimmering altar of Xom.
  5839 | D:8      | Found a stormy altar of Qazlal.
  5885 | D:8      | Reached XP level 10. HP: 41/47 MP: 11/11
  5906 | D:8      | Found a sand-covered staircase.
  5924 | Ossuary  | Entered an ossuary
  6221 | D:7      | Found Ferchob's General Store.
  6294 | D:7      | Bought a potion of resistance for 120 gold pieces
  6294 | D:7      | Bought a scroll of fear for 42 gold pieces
  6294 | D:7      | Bought a scroll of immolation for 42 gold pieces
  6294 | D:7      | Bought a potion of attraction for 36 gold pieces
  6294 | D:7      | Bought a potion of flight for 36 gold pieces
  6347 | D:7      | Found a basalt altar of Yredelemnul.
  6521 | D:7      | Found a runed translucent door.
  6522 | D:7      | Noticed Crazy Yiuf
  6620 | D:7      | Noticed Prince Ribbit
  6624 | D:7      | Killed Prince Ribbit
  6625 | D:7      | Reached skill level 5 in Armour
  6625 | D:7      | Reached skill level 12 in Unarmed Combat
  6687 | D:7      | Killed Crazy Yiuf
  7273 | D:8      | Noticed a two-headed ogre
  7278 | D:8      | Killed a two-headed ogre
  7345 | D:8      | Found a glowing silver altar of Zin.
  7692 | D:9      | Found a basalt altar of Yredelemnul.
  7761 | D:9      | Received a gift from Trog
  8028 | D:9      | Reached skill level 13 in Unarmed Combat
  8326 | D:10     | Entered Level 10 of the Dungeon
  8486 | D:10     | Found a flagged portal.
  8495 | Bailey   | Entered a bailey
  8534 | Bailey   | HP: 2/76 [orc warrior/+0 glaive (16)]
  8538 | Bailey   | Reached XP level 11. HP: 2/54 MP: 6/12
  8539 | Bailey   | Reached skill level 5 in Fighting
  8778 | Bailey   | Noticed an orc knight
  8783 | Bailey   | Noticed an orc knight
  8784 | Bailey   | Noticed an orc knight
  8796 | Bailey   | HP: 1/84 [orc knight/+0 trident (8)]
  8798 | Bailey   | Demolished by an orc knight

Illustrated notes

Levels and vault maps discovered:
D:1:      dpeg_arrival_simpleton_a, layout_loops_ring
D:2:      minmay_inner_zag, layout_basic, minmay_tree_intersection
D:3:      kennysheep_slugbush, layout_basic, general_overflow_altar,
          minmay_fountain_box, uniq_purgy
D:4:      layout_rooms, temple_fountains
D:5:      kennysheep_windowed_halls, layout_loops_cross, minitemple,
          serial_shops, nicolae_shop_stone, kennysheep_boxes
D:6:      kennysheep_six_static_rooms, layout_gridville,
          chequers_serial_rivers_marsh
D:7:      layout_rooms, lemuel_zombie_altar_yredelemnul, serial_shops,
          nicolae_shop_crystal, uniq_crazy_yiuf_cottage, uniq_prince_ribbit1
D:8:      layout_layer_cave, xom_shifter_show, lemuel_coloured_pillars_altar,
          nicolae_ossuary_entry_ruins, grunt_qazlal_sundering
D:9:      layout_roguey, basic_altar, nrook_mini_vaults,
          corexii_leaking_fountain
D:10:     layout_loops_corners, lair_entry_dummy, david_orc_1_choice,
          enter_bailey_3, uniq_harold
Bailey:   bailey_polearm_5, bailey

Skill      XL: |  1  2  3  4  5  6  7  8  9 10 11 |
---------------+----------------------------------+-----
Unarmed Combat | 4 5 6 8 9 11 13 | 13.6
Shields        | 1 2 3 4 5 |  5.0
Armour         | 2 4 5 |  5.0
Fighting       | 4 5 |  5.3
Dodging        | |  1.5

Action                   |  1- 3 |  4- 6 |  7- 9 | 10-12 || total
-------------------------+-------+-------+-------+-------++-------
Melee: Unarmed           |    75 |   124 |   374 |   283 ||   856
       Bite              |    21 |    38 |   116 |    96 ||   271
       Punch             |     2 |     3 |     8 |       ||    13
Invok: Berserk           |     1 |     3 |     8 |     5 ||    17
       Trog's Hand       |       |       |       |     2 ||     2
Evoke: Wand              |       |       |       |     4 ||     4
  Use: Scroll            |     6 |     2 |     2 |     9 ||    19
Armor: Ring mail         |    23 |     1 |       |       ||    24
       Animal skin       |     1 |       |       |       ||     1
       Scale mail        |       |    52 |   103 |       ||   155
       Chain mail        |       |       |    63 |   101 ||   164
Dodge: Dodged            |    54 |    67 |   147 |    65 ||   333
Block: Buckler           |       |       |    48 |    69 ||   117

Table legend: (Time is in decaauts)
 A = Elapsed time spent in this place.
 B = Non-inter-level travel time spent in this place.
 C = Inter-level travel time spent in this place.
 D = Time resting spent in this place.
 E = Time spent auto-exploring this place.
 F = Levels seen in this place.
 G = Mean time per level.
                   A        B        C        D        E       F      G
               +--------+--------+--------+--------+--------+-----+--------+
         Total |   8812 |   8497 |    315 |    937 |   5555 |  12 |  734.3 |
       Dungeon |   8268 |   7953 |    315 |    752 |   5495 |  10 |  826.8 |
       Ossuary |    253 |    253 |      0 |     59 |      0 |   1 |  253.0 |
        Bailey |    289 |    289 |      0 |    126 |     60 |   1 |  289.0 |
               +--------+--------+--------+--------+--------+-----+--------+

Top non-repeatable levels by time:
     D:8: 1206 daAuts
     D:1: 1146 daAuts
     D:5: 1125 daAuts
     D:3: 1030 daAuts
     D:6: 934 daAuts
     D:2: 867 daAuts
     D:9: 714 daAuts
     D:7: 577 daAuts
     D:4: 501 daAuts
  Bailey: 289 daAuts
 Ossuary: 253 daAuts
    D:10: 163 daAuts
